 Seeded DCSS version 0.29.1-15-g9cfb28693d (webtiles) character file.

Game seed: 6320845443627075161 (custom seed)

85 Psyclone the Magician (level 4, -13/24 HPs)
             Began as a Deep Elf Fire Elementalist on Sept 29, 2023.
             Killed by divine providence
             ... invoked by an orc priest
              (15 damage)
             ... on level 3 of the Dungeon.
             The game lasted 00:04:10 (1912 turns).

Psyclone the Magician (Deep Elf Fire Elementalist)  Turns: 1912, Time: 00:04:11

Health: -13/24     AC:  3    Str:  5    XL:     4   Next: 25%
Magic:  12/21      EV: 12    Int: 22    God:
Gold:   79         SH:  0    Dex: 15    Spells: 10/11 levels left

rFire   . . .      SeeInvis .   c - +9 staff of Olgreb {rPois∞}
rCold   . . .      Faith    .   (no shield)
rNeg    . . .      Spirit   .   a - +0 robe
rPois   ∞          Reflect  .   m - +1 hat {Stlth+}
rElec   .          Harm     .   (no cloak)
rCorr   .          Rampage  .   (no gloves)
Will    .....                   (no boots)
Stlth   +++.......              (no amulet)
HPRegen 0.08/turn               e - ring of magical power
MPRegen 0.17/turn               (no ring)

@: very slightly contaminated
A: no striking features
a: Evoke the Staff of Olgreb


You were on level 3 of the Dungeon.
You visited 1 branch of the dungeon, and saw 3 of its levels.

You collected 79 gold pieces.

Inventory:

Hand Weapons
 c - the +9 staff of Olgreb (weapon) {rPois∞}
   (You acquired it on level 2 of the Dungeon)

   If the wielder is skilled in Evocations, they can envenom those struck by it,
   dealing poison damage which bypasses armour.
   It enhances your poison magic.
   It grants immunity to poison.
   It can be activated via the 'a'bility menu to radiate toxic energy, with
   effectiveness depending on Evocations skill.
Armour
 a - a +0 robe (worn)
 m - a +1 hat of stealth (worn)
Jewellery
 e - a ring of magical power (left hand)
Wands
 o - a wand of flame (13)
Scrolls
 d - a scroll of identify {unknown}
 h - 2 scrolls of teleportation {unknown}
 j - 2 scrolls of magic mapping {unknown}
 l - 2 scrolls of vulnerability {unknown}
Potions
 b - a potion of magic
 f - 3 potions of curing {unknown}
 g - a potion of haste {unknown}
 i - a potion of brilliance {unknown}
 k - a potion of resistance {unknown}
 n - a potion of flight {unknown}


   Skills:
 - Level 2.4 Dodging
 - Level 2.4 Stealth
 - Level 4.0 Spellcasting
 - Level 1.1 Conjurations
 + Level 1.4 Transmutations
 - Level 4.0 Fire Magic
 + Level 1.4 Air Magic
 + Level 1.5 Poison Magic


You had 10 spell levels left.
You knew the following spells:

 Your Spells              Type           Power      Damage    Failure   Level
a - Foxfire               Conj/Fire      60%        2x1d7     4%          1

Your spell library contained the following spells:

 Spells                   Type           Power      Damage    Failure   Level
 Scorch                   Fire           44%        2d7       3%          2
 Freeze                   Ice            16%        1d4       11%         1
 Conjure Flame            Conj/Fire      15%        6-21      12%         3
 Inner Flame              Hex/Fire       13%        N/A       14%         3
 Frozen Ramparts          Ice            8%         1d2       32%         3
 Flame Wave               Conj/Fire      15%        2d7       36%         4
 Hailstorm                Conj/Ice       6%         3d4       65%         4


Dungeon Overview and Level Annotations

Branches:
Dungeon (3/15) Zot: 16088

Altars:

Shops:
D:2 :


Message History

You now have 16/21 mp.
Casting: Foxfire (safe; 4% risk of failure)
Confirm with . or Enter, or press ? or * to list all spells.
You conjure some foxfire!
The foxfire hits the orc but does no damage.
The foxfire hits the orc.
The orc is lightly wounded.
The orc hits you with a +0 short sword. The orc priest closely misses you.
You take 2 damage, and have 17/24 hp.
Casting: Foxfire (safe; 4% risk of failure)
Confirm with . or Enter, or press ? or * to list all spells.
You conjure some foxfire!
The foxfire hits the orc.
The orc is heavily wounded.
The orc priest closely misses you. The orc hits you with a +0 short sword.
You take 3 damage, and have 14/24 hp.
You now have 15/21 mp.
Casting: Foxfire (safe; 4% risk of failure)
Confirm with . or Enter, or press ? or * to list all spells.
You conjure some foxfire!
The foxfire hits the orc.
The orc is almost dead.
The foxfire hits the orc.
You kill the orc!
The orc priest barely misses you.
You now have 14/21 mp.
Casting: Foxfire (safe; 4% risk of failure)
Confirm with . or Enter, or press ? or * to list all spells.
You miscast Foxfire.
Nothing appears to happen.
The foxfire hits the orc priest.
The orc priest is severely wounded.
The orc priest calls down the wrath of Beogh upon you.
Beogh smites you!
Ouch! That really hurt!
* * * LOW HITPOINT WARNING * * *
You take 12 damage, and have 2/24 hp.
MASSIVE DAMAGE!!
You now have 13/21 mp.
Casting: Foxfire (safe; 4% risk of failure)
Confirm with . or Enter, or press ? or * to list all spells.
You conjure some foxfire!
The orc priest invokes the aid of Beogh against you.
Beogh smites you!
Ouch! That really hurt!
You die...

#.##########.#
#.# #.# #.#
#<# #.# #.#
#.# #.# #.#
#.# #.# #.#
#.# #.# #.#
#.# #.# #.#
#######v###.#
#.#
......v@§...#
#.#
#######)#####
#.# #o.. #.#
.(..). #.#
###....# #.#
##.#.# #.#
#.#.# ##.#
#.#.#
########...
#..........


You could see an orc priest (ally target).

Vanquished Creatures
  2 orc wizards (D:3)
  An adder (D:2)
  2 dart slugs (D:2)
  5 orcs (D:3)
  A ball python (D:1)
  2 goblins
  4 bats
  2 kobolds (D:3)
  2 rats
21 creatures vanquished.

Vanquished Creatures (others)
  104 foxfires
104 creatures vanquished.

Grand Total: 125 creatures vanquished

Notes
Turn   | Place    | Note
-------+----------+-------------------------------------------
     0 | D:1      | Psyclone the Deep Elf Fire Elementalist began the quest for
                  | the Orb.
     0 | D:1      | Reached XP level 1. HP: 10/10 MP: 6/6
   103 | D:2      | Identified a scroll of acquirement
   103 | D:2      | Acquired the +9 staff of Olgreb {rPois∞}
   103 | D:2      | Found the +9 staff of Olgreb {rPois∞}
   887 | D:2      | Found Weil's Book Boutique.
   930 | D:2      | Found a faded altar of an unknown god.
   963 | D:2      | Reached XP level 2. HP: 15/15 MP: 8/8
  1560 | D:3      | Reached XP level 3. HP: 19/19 MP: 10/10
  1585 | D:3      | Reached skill level 1 in Transmutations
  1585 | D:3      | Reached skill level 1 in Air Magic
  1585 | D:3      | Reached skill level 1 in Poison Magic
  1585 | D:3      | Reached XP level 4. HP: 24/24 MP: 2/12
  1912 | D:3      | Killed from afar by an orc priest

Illustrated notes

Levels and vault maps discovered:
D:1:      dpeg_arrival_lava_temple_mockup, layout_basic
D:2:      layout_loops_ring, shapermc_ecumenical_altar_starsandcircs,
          serial_shops, nicolae_shop_window_shopping
D:3:      layout_loops_ring, pdpol_wu_jian_five_deadly_venoms, corexii_shack,
          uniq_crazy_yiuf_cottage

Skill      XL: |  1  2  3 |
---------------+----------+-----
Spellcasting   | 4 |  4.0
Fire Magic     | 4 |  4.0
Transmutations | 1 |  1.4
Air Magic      | 1 |  1.4
Poison Magic   | 1 |  1.5
Dodging        | |  2.4
Stealth        | |  2.4
Conjurations   | |  1.1

Action                   |  1- 3 |  4- 6 || total
-------------------------+-------+-------++-------
 Cast: Foxfire           |    48 |    21 ||    69
  Use: Scroll            |     1 |       ||     1
Armor: Robe              |     1 |     4 ||     5
Dodge: Dodged            |     1 |    15 ||    16
